 Dungeon Crawl Stone Soup version 0.31-a0-968-g24f9ace8b5 (webtiles) character file.

Game seed: 3802340601554089619

69 jasper the Magician (level 4, -2/24 HPs)
             Began as a Deep Elf Hedge Wizard on Oct 27, 2023.
             Slain by Grinder (3 damage)
             ... on level 3 of the Dungeon.
             The game lasted 00:04:17 (2861 turns).

jasper the Magician (Deep Elf Hedge Wizard)         Turns: 2861, Time: 00:04:18

Health: -2/24      AC:  5    Str:  7    XL:     4   Next: 2%
Magic:  4/12       EV: 12    Int: 21    God:
Gold:   75         SH:  0    Dex: 14    Spells: 2/12 levels left

rFire   . . .        a - +1 dagger
rCold   . . .        (no shield)
rNeg    . . .        b - +0 robe
rPois   +            c - +0 hat
rElec   .            k - +1 cloak {Will+}
rCorr   .            i - +0 pair of gloves
SInv    .            (no boots)
Will    +....        (no amulet)
Stlth   ++           f - ring of poison resistance
HPRegen 0.24/turn    (no ring)
MPRegen 0.13/turn

%: no passive effects
@: very slightly contaminated
A: no striking features
a: no special abilities


You were on level 3 of the Dungeon.
You visited 1 branch of the dungeon, and saw 3 of its levels.

You collected 75 gold pieces.

Inventory:

Hand Weapons
 a - a +1 dagger (weapon)
Missiles
 g - 2 javelins
Armour
 b - a +0 robe (worn)
 c - a +0 hat (worn)
 i - a +0 pair of gloves (worn)
 k - a +1 cloak of willpower (worn)
 m - a +0 kite shield
Jewellery
 f - a ring of poison resistance (left hand)
Wands
 j - a wand of quicksilver (5)
Scrolls
 o - a scroll of poison {unknown}
 p - a scroll of teleportation
Potions
 d - a potion of magic
 e - 2 potions of enlightenment {unknown}
 h - a potion of cancellation
 l - 2 potions of berserk rage
 n - a potion of brilliance {unknown}


   Skills:
 + Level 0.3 Fighting
 + Level 2.6 Dodging
 - Level 2.4 Stealth
 + Level 4.6 Spellcasting
 + Level 3.6 Conjurations
 - Level 1.1 Summonings
 - Level 1.1 Translocations
 + Level 0.6 Air Magic
 + Level 0.5 Poison Magic


You had 2 spell levels left.
You knew the following spells:

 Your Spells              Type           Power      Damage    Failure   Level
a - Magic Dart            Conj           80%        1d7       2%          1
b - Blink                 Tloc           18%        N/A       11%         2
c - Call Imp              Summ           18%        N/A       11%         2
d - Cigotuvi's Dreadful   Necr/Pois/Air  12%        N/A       14%         2
e - Mephitic Cloud        Conj/Pois/Air  11%        N/A       19%         3

Your spell library contained the following spells:

 Spells                   Type           Power      Damage    Failure   Level
 Slow                     Hex            16%        N/A       12%         1


Dungeon Overview and Level Annotations

Branches:
Dungeon (3/15)

Altars:

Annotations:
D:3 Grinder


Message History

Grinder barely misses you.
The orc closely misses your cerulean imp.
Your cerulean imp hits Grinder but does no damage.
Grinder says, "Don't move a muscle."
The orc hits your cerulean imp with a +0 whip.
Grinder hits you.
You writhe in agony.
There is a stone staircase leading up here.
You take 6 damage, and have 13/24 hp.
MASSIVE DAMAGE!!
Casting: Call Imp (safe; 11% risk of failure)
Confirm with . or Enter, or press ? or * to list all spells.
You miscast Call Imp.
You are very lightly contaminated with residual magic.
Nothing appears to happen.
Your cerulean imp closely misses Grinder.
Grinder hits you but does no damage.
You now have 4/12 mp.
Unknown command.
Aiming: Quicksilver Bolt
Press: ? - help, Shift-Dir - straight line, p - orc The bolt of dispelling energy misses Grinder.
The orc closely misses your cerulean imp.
Your cerulean imp hits Grinder from afar with a -4 spear.
Grinder hits you.
* * * LOW HITPOINT WARNING * * *
You writhe in agony.
* * * LOW HITPOINT WARNING * * *
You take 7 damage, and have 6/24 hp.
MASSIVE DAMAGE!!
Okay, then.
Unknown command.
Okay, then.
Aiming: Quicksilver Bolt
Press: ? - help, Shift-Dir - straight line The bolt of dispelling energy hits Grinder!
Grinder is heavily wounded.
Your cerulean imp hits Grinder from afar with a -4 spear.
Grinder hits you.
* * * LOW HITPOINT WARNING * * *
You writhe in agony.
You die...
Grinder says, "Now the real fun starts!"

#............#
#.##.#...##....#####
.....#...............
#.......###.#.#######
###..##.# #.#.#
##..##.###.#.# #...
#.....#+## #..#
######...## #.###..#
##.@...## ......##
##.5.....#
######...####5........#
............'o........+
######...####.........#
#.#.## ##.......##
#.###.# ##.....## #.#
#.# ##...## ## ## #+##


You could see Grinder (ally target), an orc and a friendly cerulean imp
(summoned).

Vanquished Creatures
  An adder (D:3)
  2 dart slugs
  5 ball pythons
  3 bats
  7 endoplasms
  2 giant cockroaches
  3 goblins
  5 hobgoblins
  4 jackals (D:2)
  3 kobolds
  A quokka (D:3)
  4 frilled lizards
  7 rats
47 creatures vanquished.

Vanquished Creatures (collateral kills)
  An orc (D:3)
1 creature vanquished.

Grand Total: 48 creatures vanquished

Notes
Turn   | Place    | Note
-------+----------+-------------------------------------------
     0 | D:1      | jasper the Deep Elf Hedge Wizard began the quest for the
                  | Orb.
     0 | D:1      | Reached XP level 1. HP: 10/10 MP: 7/7
   321 | D:1      | Reached XP level 2. HP: 15/15 MP: 6/9
   325 | D:1      | Learned a level 2 spell: Blink
   328 | D:1      | Learned a level 2 spell: Call Imp
   331 | D:1      | Learned a level 2 spell: Cigotuvi's Dreadful Rot
  1134 | D:2      | Reached XP level 3. HP: 19/19 MP: 6/10
  1147 | D:2      | Learned a level 3 spell: Mephitic Cloud
  2796 | D:3      | Reached XP level 4. HP: 24/24 MP: 3/12
  2842 | D:3      | Noticed Grinder
  2847 | D:3      | Paralysed by Grinder for 2 turns
  2861 | D:3      | HP: 1/24 [Grinder (6)]
  2861 | D:3      | Slain by Grinder

Illustrated notes

Levels and vault maps discovered:
D:1:      sevenhm_arrival_forest_fort_large_3, layout_basic, serial_rivers,
          chequers_serial_rivers_micro_d, chequers_serial_rivers_small_b,
          chequers_serial_rivers_micro_b, chequers_serial_rivers_large_b,
          chequers_serial_rivers_small_b, minmay_pentomino_p2
D:2:      layout_loops_corners
D:3:      cheibrodos_pilgrimage, layout_loops_corners, chequers_jeans,
          uniq_sigmund, uniq_robin, uniq_grinder

Skill      XL: |  1  2 |
---------------+-------+-----
Conjurations   | 2 3 |  3.6
Fighting       | |  0.3
Dodging        | |  2.6
Stealth        | |  2.4
Spellcasting   | |  4.6
Summonings     | |  1.1
Translocations | |  1.1
Air Magic      | |  0.6
Poison Magic   | |  0.5

Action                     |  1- 3 |  4- 6 || total
---------------------------+-------+-------++-------
  Melee: Dagger            |       |     1 ||     1
   Cast: Magic Dart        |   106 |     4 ||   110
         Call Imp          |     1 |     1 ||     2
         Mephitic Cloud    |     1 |       ||     1
  Evoke: Wand              |       |     2 ||     2
    Use: Scroll            |     7 |       ||     7
 Armour: Robe              |     4 |     7 ||    11
  Dodge: Dodged            |     6 |     3 ||     9

Table legend: (Time is in decaauts)
 A = Elapsed time spent in this place.
 B = Non-inter-level travel time spent in this place.
 C = Inter-level travel time spent in this place.
 D = Time resting spent in this place.
 E = Time spent auto-exploring this place.
 F = Levels seen in this place.
 G = Mean time per level.
                   A        B        C        D        E       F      G
               +--------+--------+--------+--------+--------+-----+--------+
         Total |   2889 |   2807 |     82 |      4 |   2493 |   3 |  963.0 |
       Dungeon |   2889 |   2807 |     82 |      4 |   2493 |   3 |  963.0 |
               +--------+--------+--------+--------+--------+-----+--------+

Top non-repeatable levels by time:
     D:2: 1150 daAuts
     D:1: 1091 daAuts
     D:3: 646 daAuts
